 Dungeon Crawl Stone Soup version 0.31-a0-810-ga77100ea1a (webtiles) character file.

Game seed: 4850067681081088149

100 wildpjah the Slasher (level 4, 0/37 (38) HPs)
             Began as a Gnoll Reaver on Sept 21, 2023.
             Slain by Terence
             ... wielding a +1 mace of protection
              (6 damage)
             ... on level 3 of the Dungeon.
             The game lasted 00:04:27 (1821 turns).

wildpjah the Slasher (Gnoll Reaver)                 Turns: 1821, Time: 00:04:27

HP:   0/37 (38)     AC:  5    Str: 11    XL:     4   Next: 73%
MP:   11/11         EV: 13    Int: 12    God:
Gold: 155           SH:  0    Dex: 13    Spells: 12/13 levels left

rFire   . . .        m - +2 short sword (holy)
rCold   . . .        (no shield)
rNeg    . . .        b - +0 leather armour
rPois   .            f - +1 helmet
rElec   .            (no cloak)
rCorr   .            (no gloves)
SInv    .            (no boots)
Will    .....        (no amulet)
Stlth   +            (no ring)
HPRegen 0.26/turn    (no ring)
MPRegen 0.12/turn

%: no passive effects
@: lightly drained
A: fangs 1, strong nose, distributed training
a: no special abilities


You were on level 3 of the Dungeon.
You visited 1 branch of the dungeon, and saw 3 of its levels.

You collected 155 gold pieces.

Inventory:

Hand Weapons
 a - a +0 falchion
 m - a +2 short sword of holy wrath (weapon)
Armour
 b - a +0 leather armour (worn)
 f - a +1 helmet (worn)
Magical Staves
 k - a staff of fire
Wands
 j - a wand of paralysis (7)
Scrolls
 c - a scroll of poison {unknown}
 g - 2 scrolls of revelation {unknown}
 h - a scroll of fear {unknown}
 i - 2 scrolls of identify {unknown}
 l - a scroll of teleportation {unknown}
 p - a scroll of torment {unknown}
Potions
 d - a potion of experience {unknown}
 e - a potion of enlightenment {unknown}
 n - a potion of curing {unknown}
 o - a potion of degeneration {unknown}


   Skills:
 + Level 4.7 Fighting
 + Level 1.2 Short Blades
 + Level 6.6 Long Blades
 + Level 1.2 Axes
 + Level 1.2 Maces & Flails
 + Level 1.2 Polearms
 + Level 1.2 Staves
 + Level 1.2 Ranged Weapons
 + Level 1.2 Throwing
 + Level 1.2 Armour
 + Level 4.7 Dodging
 + Level 1.2 Stealth
 + Level 1.2 Shields
 + Level 1.2 Unarmed Combat
 + Level 5.1 Spellcasting
 + Level 5.5 Conjurations
 + Level 1.0 Hexes
 + Level 1.0 Summonings
 + Level 1.0 Necromancy
 + Level 1.0 Translocations
 + Level 1.0 Transmutations
 + Level 1.0 Fire Magic
 + Level 1.0 Ice Magic
 + Level 1.0 Air Magic
 + Level 1.0 Earth Magic
 + Level 1.0 Poison Magic
 + Level 1.4 Invocations
 + Level 1.2 Evocations
 + Level 1.1 Shapeshifting


You had 12 spell levels left.
You knew the following spells:

 Your Spells              Type           Power      Damage    Failure   Level
a - Kiss of Death         Conj/Necr      40%        2d8       7%          1

Your spell library contained the following spells:

 Spells                   Type           Power      Damage    Failure   Level
 Momentum Strike          Conj/Tloc      20%        3d8       11%         2
 Hailstorm                Conj/Ice       10%        3d5       21%         3
 Ozocubu's Armour         Ice            5%         N/A       45%         3
 Metabolic Englaciation   Hex/Ice        2%         N/A       99%         5
 Simulacrum               Ice/Necr       2%         N/A       100%        6


Dungeon Overview and Level Annotations

Branches:
Dungeon (3/15)

Altars:

Shops:
D:1 [

Annotations:
D:3 Terence


Innate Abilities, Weirdness & Mutations

You have very sharp teeth.
Your uncanny sense of smell can sniff out nearby items.
Your experience applies equally to all skills.


Message History

You are too injured to fight recklessly!
You are too injured to fight recklessly!
You are too injured to fight recklessly!
You are too injured to fight recklessly!
You are too injured to fight recklessly!
The quokka bites you.
You barely miss the quokka. The quokka barely misses you.
You miss the quokka. The quokka bites you.
You closely miss the quokka. The quokka closely misses you.
You hit the quokka but do no damage. The quokka closely misses you.
You hit the quokka.
The quokka is heavily wounded.
The quokka misses you.
You hit the quokka.
You kill the quokka!
You closely miss Terence.
Terence is lightly wounded.
Terence barely misses you.
You hit Terence but do no damage.
Terence is lightly wounded.
Terence barely misses you.
You closely miss Terence.
Terence is lightly wounded.
Terence hits you with a +1 mace of protection.
* * * LOW HITPOINT WARNING * * *
You barely miss Terence.
The endoplasm jiggles.
Terence hits you with a +1 mace of protection.
* * * LOW HITPOINT WARNING * * *
You barely miss Terence. You closely miss Terence. Terence misses you.
You hit Terence but do no damage. Terence misses you.
You hit Terence.
Terence is lightly wounded.
Terence hits you with a +1 mace of protection.
* * * LOW HITPOINT WARNING * * *
You hit Terence.
Terence is lightly wounded.
Terence hits you with a +1 mace of protection.
You die...

+....# #.##.....# #.....
#.##.)...# #.....
#.##.....#
#.....###.##.....#
#....)....##.....#
#.........##.....########
+.........##............#
#.....###.##.....######.#
#.....J@@...#.#.....#.#.#
#####''####.#.#.......#.#
#........#.#.#.###.#.#.#
#........#.#.#####.#.#.#
#..§§≈§§§#...........#.#
#.§≈§≈§..#.........###.#
#.J§§≈§§.#....###### #.#
#.J⌠§§⌠..#....# #.#
#.....[..#....########.#


You could see Terence and an endoplasm.

Vanquished Creatures
  2 adders
  A gnoll (D:1)
  2 worms
  2 dart slugs
  3 endoplasms
  4 giant cockroaches (D:1)
  6 goblins
  5 hobgoblins
  10 jackals
  A quokka (D:3)
  4 ball pythons
  9 bats
  A frilled lizard (D:1)
  5 kobolds
  4 rats
59 creatures vanquished.

Notes
Turn   | Place    | Note
-------+----------+-------------------------------------------
     0 | D:1      | wildpjah the Gnoll Reaver began the quest for the Orb.
     0 | D:1      | Reached XP level 1. HP: 20/20 MP: 6/6
   100 | D:1      | Reached XP level 2. HP: 15/25 MP: 4/7
   174 | D:1      | Found Zafiasem's Armour Boutique.
   331 | D:1      | Reached XP level 3. HP: 24/24 MP: 7/9
   371 | D:1      | Reached skill level 5 in Spellcasting
   827 | D:1      | Reached skill level 1 in Invocations
   933 | D:2      | Found a faded altar of an unknown god.
   999 | D:2      | Reached skill level 1 in Short Blades
   999 | D:2      | Reached skill level 1 in Axes
   999 | D:2      | Reached skill level 1 in Maces & Flails
   999 | D:2      | Reached skill level 1 in Polearms
   999 | D:2      | Reached skill level 1 in Staves
   999 | D:2      | Reached skill level 1 in Ranged Weapons
   999 | D:2      | Reached skill level 1 in Throwing
   999 | D:2      | Reached skill level 1 in Armour
   999 | D:2      | Reached skill level 1 in Stealth
   999 | D:2      | Reached skill level 1 in Shields
   999 | D:2      | Reached skill level 1 in Unarmed Combat
   999 | D:2      | Reached skill level 1 in Evocations
  1097 | D:2      | Reached skill level 1 in Shapeshifting
  1097 | D:2      | Reached XP level 4. HP: 27/34 MP: 11/11
  1632 | D:3      | Reached skill level 1 in Hexes
  1632 | D:3      | Reached skill level 1 in Summonings
  1632 | D:3      | Reached skill level 1 in Necromancy
  1632 | D:3      | Reached skill level 1 in Translocations
  1632 | D:3      | Reached skill level 1 in Transmutations
  1632 | D:3      | Reached skill level 1 in Fire Magic
  1632 | D:3      | Reached skill level 1 in Ice Magic
  1632 | D:3      | Reached skill level 1 in Air Magic
  1632 | D:3      | Reached skill level 1 in Earth Magic
  1632 | D:3      | Reached skill level 1 in Poison Magic
  1791 | D:3      | Noticed Terence
  1821 | D:3      | Slain by Terence

Illustrated notes

Levels and vault maps discovered:
D:1:      saegor_arrival_simple_b, layout_basic, serial_shops, shop
D:2:      layout_basic, shapermc_ecumenical_altar_flowoftime
D:3:      layout_basic, kennysheep_generic_room_6, uniq_terence

Skill      XL: |  1  2  3  4 |
---------------+-------------+-----
Spellcasting   | 5 |  5.1
Invocations    | 1 |  1.4
Short Blades   | 1 |  1.2
Axes           | 1 |  1.2
Maces & Flails | 1 |  1.2
Polearms       | 1 |  1.2
Staves         | 1 |  1.2
Ranged Weapons | 1 |  1.2
Throwing       | 1 |  1.2
Armour         | 1 |  1.2
Stealth        | 1 |  1.2
Shields        | 1 |  1.2
Unarmed Combat | 1 |  1.2
Evocations     | 1 |  1.2
Shapeshifting  | 1 |  1.1
Hexes          | 1 |  1.0
Summonings     | 1 |  1.0
Necromancy     | 1 |  1.0
Translocations | 1 |  1.0
Transmutations | 1 |  1.0
Fire Magic     | 1 |  1.0
Ice Magic      | 1 |  1.0
Air Magic      | 1 |  1.0
Earth Magic    | 1 |  1.0
Poison Magic   | 1 |  1.0
Fighting       | |  4.7
Long Blades    | |  6.6
Dodging        | |  4.7
Conjurations   | |  5.5

Action                     |  1- 3 |  4- 6 || total
---------------------------+-------+-------++-------
  Melee: Falchion          |   113 |     8 ||   121
         Bite              |     5 |    11 ||    16
         Punch             |     3 |     1 ||     4
         Short sword       |       |    83 ||    83
   Cast: Kiss of Death     |     4 |       ||     4
   Stab: Sleeping          |     1 |     3 ||     4
 Armour: Leather armour    |    73 |    44 ||   117
  Dodge: Dodged            |    88 |    68 ||   156

Table legend: (Time is in decaauts)
 A = Elapsed time spent in this place.
 B = Non-inter-level travel time spent in this place.
 C = Inter-level travel time spent in this place.
 D = Time resting spent in this place.
 E = Time spent auto-exploring this place.
 F = Levels seen in this place.
 G = Mean time per level.
                   A        B        C        D        E       F      G
               +--------+--------+--------+--------+--------+-----+--------+
         Total |   1812 |   1762 |     50 |      0 |   1363 |   3 |  604.0 |
       Dungeon |   1812 |   1762 |     50 |      0 |   1363 |   3 |  604.0 |
               +--------+--------+--------+--------+--------+-----+--------+

Top non-repeatable levels by time:
     D:1: 857 daAuts
     D:2: 717 daAuts
     D:3: 237 daAuts
